 Dungeon Crawl Stone Soup version 0.21-a0-270-g8204059 (webtiles) character file.

64 Chiseanne the Covered (level 3, 0/27 HPs)
             Began as a Demonspawn Wanderer on Sept 14, 2017.
             Slain by a worm (2 damage)
             ... on level 2 of the Dungeon.
             The game lasted 00:01:45 (879 turns).

Chiseanne the Covered (Demonspawn Wanderer)          Turns: 879, Time: 00:01:45

Health: 0/27       AC: 12    Str: 12    XL:     3   Next: 91%
Magic:  4/4        EV: 10    Int: 13    God:
Gold:   68         SH:  0    Dex: 13    Spells: 2/2 levels left

rFire    . . .     SeeInvis .   b - +0 hand axe
rCold    . . .     Gourm    .   (no shield)
rNeg     . . .     Faith    .   c - +0 ring mail
rPois    .         Spirit   .   (no helmet)
rElec    .         Reflect  .   (no cloak)
rCorr    .         Harm     .   (no gloves)
MR       .....                  (no boots)
Stlth    +.........             (no amulet)
HPRegen  0.09/turn              (no ring)
MPRegen  0.09/turn              (no ring)

@: sanguine armour
A: powered by death 1, sanguine armour 1
a: no special abilities


You were on level 2 of the Dungeon.
You were not hungry.

You visited 1 branch of the dungeon, and saw 2 of its levels.

You collected 68 gold pieces.

Inventory:

Hand Weapons
 b - a +0 hand axe (weapon)
Missiles
 e - 22 sling bullets
 h - 23 arrows
 i - 13 bolts
 j - 64 stones (quivered)
Armour
 c - a +0 ring mail (worn)
Jewellery
 k - an uncursed amulet of rage {unknown}
Scrolls
 f - 2 scrolls of teleportation
Potions
 g - a potion of flight {unknown}
 l - a potion of cancellation {unknown}
 m - a potion of mutation {unknown}
Miscellaneous
 a - a phial of floods
Comestibles
 d - 2 bread rations


   Skills:
 * Level 2.1 Fighting
   Level 1.7 Crossbows
 * Level 4.7 Armour
 * Level 1.5 Dodging
   Level 1.0 Shields
 * Level 2.0 Evocations


You had 2 spell levels left.
You didn't know any spells.

Dungeon Overview and Level Annotations

Branches:
Dungeon (2/15)

Altars:


Innate Abilities, Weirdness & Mutations

You regenerate a little health from kills.
When seriously injured, your bleeding wounds create armour. (AC +6)


Message History

The worm bites you but does no damage.
You hit the worm.
The worm is heavily wounded.
You hit the worm.
The worm is severely wounded.
You feel sick.
You are no longer poisoned.
The worm bites you!
* * * LOW HITPOINT WARNING * * *
You hit the worm but do no damage.
The worm is severely wounded.
The worm bites you but does no damage.
You hit the worm.
The worm is severely wounded.
The worm bites you.
* * * LOW HITPOINT WARNING * * *
You hit the worm but do no damage.
The worm is severely wounded.
The worm bites you.
You die...

#
#...#.#######.#.##.#.
#...#.........#.##.#.
....########....#....
...####............#..
#... #.#####.####...#
#.# #.# ##.# #. #.#
#.# #.# #...####.# #.#
.. # #....w@..# #.#
..... #..####### #.#
#. ## ####..# .#
..#..# ...# #.#..#
#..# #<#... #..#
#.##.# #..# #.##†#
#..# #.##.# #..##


You could see a worm.

Vanquished Creatures
  An adder (D:2)
  2 oozes (D:1)
  2 dart slugs
  A leopard gecko (D:1)
  A ball python (D:2)
  2 giant cockroaches
  4 goblins
  4 hobgoblins
  2 jackals (D:2)
  2 kobolds (D:1)
  2 quokkas (D:2)
  7 bats
  4 frilled lizards
  5 rats
39 creatures vanquished.

Notes
Turn   | Place    | Note
-------+----------+-------------------------------------------
     0 | D:1      | Chiseanne the Demonspawn Wanderer began the quest for the Orb.
     0 | D:1      | Chiseanne set off with: a phial of floods, a +0 hand axe, a +0 ring mail, a bread ration
     0 | D:1      | Reached XP level 1. HP: 15/15 MP: 1/1
    78 | D:1      | Gained mutation: You regenerate a little health from kills. [demonic ancestry]
    78 | D:1      | Reached XP level 2. HP: 18/21 MP: 2/2
   416 | D:1      | Gained mutation: When seriously injured, your bleeding wounds create armour. (AC +6) [demonic ancestry]
   416 | D:1      | Reached XP level 3. HP: 23/27 MP: 4/4
   447 | D:1      | Reached skill level 1 in Dodging
   879 | D:2      | Slain by a worm

Vault maps used:
D:1:      dpeg_arrival_arbitrary_c, corexii_corridor_pit
D:2:      lemuel_coloured_pillars_altar, first_bread

Skill      XL: |  1  2  3 |
---------------+----------+-----
Dodging        | 1 |  1.5
Fighting       | 2 |  2.1
Evocations     | 2 |  2.0
Crossbows      | |  1.7
Armour         | |  4.7
Shields        | |  1.0

Action                   || total
-------------------------++-------
Melee: Hand axe          ||   147
  Use: Scroll            ||     2
Armor: Ring mail         ||    70
Dodge: Dodged            ||   104

Table legend:
 A = Spawn XP
 B = Non-spawn XP
 C = Spawn XP percentage of total XP
 D = Spawn monster count
 E = Non-spawn monster count
 F = Spawn count percentage of total count
 G = Total turns spent on level
                    A         B        C        D         E        F      G
               +---------+---------+-------+---------+---------+-------+---------
         Total |       0 |      92 |   0.0 |       0 |      39 |   0.0 |   879
               +---------+---------+-------+---------+---------+-------+---------
           D:1 |       0 |      50 |   0.0 |       0 |      23 |   0.0 |   677
           D:2 |       0 |      42 |   0.0 |       0 |      16 |   0.0 |   202
               +---------+---------+-------+---------+---------+-------+---------
